 Dungeon Crawl Stone Soup version 0.18-a0-1292-ge8ad84c (webtiles) character file.

6482 Gagarin the Frost Mage (level 11, 0/60 HPs)
             Began as a Kobold Ice Elementalist on Feb 9, 2016.
             Was an Elder of Dithmenos.
             Slain by a yak (10 damage)
             ... on level 11 of the Dungeon.
             The game lasted 01:02:20 (11799 turns).

Gagarin the Frost Mage (Kobold Ice Elementalist)   Turns: 11799, Time: 01:02:20

Health: 0/60       AC: 13    Str:  7    XL:     11   Next: 19%
Magic:  20/23      EV: 19    Int: 16    God:    Dithmenos [****..]
Gold:   342        SH:  0    Dex: 17    Spells: 4 memorised, 20 levels left

rFire  . . .     SeeInvis +     X - +0 dagger (vamp)
rCold  . . .     Gourm    .     u - +2 leather armour {MR+}
rNeg   . . .     Faith    .     (shield restricted)
rPois  .         Spirit   .     F - +0 hat
rElec  .         Dismiss  .     (no cloak)
rCorr  .         Reflect  .     (no gloves)
SustAt .         Harm     .     f - +0 pair of boots
MR     +....                    (no amulet)
Stlth  ++++++....               M - ring of see invisible
                                m - +4 ring of slaying

@: icy armour, wreathed by umbra, slow, somewhat resistant to hostile
enchantments, very stealthy
A: carnivore 3
a: Shadow Step, Renounce Religion


You were on level 11 of the Dungeon.
You worshipped Dithmenos.
Dithmenos was greatly pleased with you.
You were not hungry.

You visited 1 branch of the dungeon, and saw 11 of its levels.
You also visited: Sewer.

You collected 496 gold pieces.
You spent 154 gold pieces at shops.

Inventory:

Hand Weapons
 a - a +0 short sword
 g - a +1 short sword
 o - a +0 blowgun
 r - a +0 hand crossbow
 O - a +6 dagger of freezing
 S - a +1 short sword
 X - a +0 vampiric dagger (weapon)
Missiles
 i - 50 poisoned needles
 C - 3 curare-tipped needles
Armour
 f - a +0 pair of boots (worn)
 u - a +2 leather armour of magic resistance (worn)
 F - a +0 hat (worn)
 T - a +1 leather armour of fire resistance
 W - a troll hide
Jewellery
 m - a +4 ring of slaying (left hand)
 z - an uncursed ring of protection from cold
 M - a ring of see invisible (right hand)
Wands
 s - a wand of slowing (0/48)
 Q - a wand of digging (10/24)
 R - a wand of polymorph (13/24)
 Z - a wand of lightning (3/15)
Scrolls
 d - a scroll of enchant weapon
 h - a scroll of magic mapping
 l - 6 scrolls of identify
 q - 5 scrolls of remove curse
 v - 2 scrolls of noise {unknown}
 y - 2 scrolls of random uselessness {unknown}
 B - a scroll of blinking {unknown}
 H - 2 scrolls of recharging {unknown}
 K - 2 scrolls of enchant armour {unknown}
 P - a scroll of immolation {unknown}
 U - a scroll of fear {unknown}
Potions
 e - 3 potions of curing
 j - 4 potions of flight
 p - 2 potions of haste {unknown}
 x - a potion of brilliance {unknown}
 A - a potion of cure mutation {unknown}
 D - 2 potions of magic
 G - a potion of invisibility {unknown}
 I - a potion of ambrosia
 J - 2 potions of mutation {unknown}
 N - 2 potions of agility {unknown}
 V - a potion of beneficial mutation {unknown}
Books
 b - a book of Frost

   Spells                             Type                      Level
   a - Freeze                         Ice                          1
   b - Throw Frost                    Conjuration/Ice              2
   c - Ozocubu's Armour               Charms/Ice                   3
   d - Throw Icicle                   Conjuration/Ice              4
   e - Summon Ice Beast               Ice/Summoning                4
 w - Sif Muna's Papyrus of Clay
   (You found it on level 6 of the Dungeon)

   Spells                             Type                      Level
   a - Sandblast                      Earth                        1
 E - a book of the Warp

   Spells                             Type                      Level
   a - Recall                         Summoning/Translocation      3
   b - Gell's Gravitas                Hexes/Translocation          3
   c - Force Lance                    Conjuration/Translocation    4
   d - Phase Shift                    Translocation                5
   e - Warp Weapon                    Charms/Translocation         5
   f - Summon Forest                  Summoning/Translocation      5
 L - a book of Enchantments

   Spells                             Type                      Level
   a - Cause Fear                     Hexes                        4
   b - Yara's Violent Unravelling     Hexes/Transmutation          5
   c - Silence                        Hexes/Air                    5
   d - Deflect Missiles               Charms/Air                   6
   e - Haste                          Charms                       6
   f - Discord                        Hexes                        8
Comestibles
 c - 5 meat rations
 k - a royal jelly
 n - 2 beef jerkies
 t - 2 slices of pizza
 Y - 10 chunks of flesh


   Skills:
 + Level 3.4 Fighting
 + Level 3.6 Short Blades
 + Level 1.3 Throwing
 + Level 2.7 Armour
 + Level 8.0 Dodging
 + Level 7.3 Stealth
 + Level 8.7 Spellcasting
 + Level 1.2 Conjurations
 + Level 1.6 Charms
 + Level 9.0 Ice Magic
 + Level 2.0 Earth Magic


You had 20 spell levels left.
You knew the following spells:

 Your Spells              Type           Power        Failure   Level  Hunger
a - Freeze                Ice            ####         1%          1    None
b - Throw Frost           Conj/Ice       ###...       3%          2    None
c - Ozocubu's Armour      Chrm/Ice       ###.....     6%          3    #......
d - Sandblast             Erth           ##....       10%         1    None


Dungeon Overview and Level Annotations

Branches:
Dungeon (11/15)            Temple (0/1) D:7            Lair (0/8) D:10
    Orc (0/2) D:10

Altars:
Ashenzari
Dithmenos
Makhleb
Nemelex Xobeh
Okawaru
Pakellas
Sif Muna
Trog

Shops:
D:6 !   D:8 [


Innate Abilities, Weirdness & Mutations

You are small and have problems with some larger weapons.
You are carnivorous and can eat meat at any time.


Message History

The yak is moderately wounded.
Your shadow hits the yak but does no damage.
Drink which item? (? for menu, Esc to quit)
You feel better. The yak completely misses you.
Casting: Freeze
Confirm with . or Enter, or press ? or * to list all spells.
A film of ice covers your body! The yak misses you.
You hit the yak but do no damage.
The yak is moderately wounded.
The yak gores you but does no damage.
You hit the yak but do no damage.
The yak is moderately wounded.
The yak misses you.
You puncture the yak!
The yak is heavily wounded.
The yak barely misses you.
You hit the yak.
The yak is heavily wounded.
The yak gores you!
You die...

....)######## #
.....# .....#
.....# #.#### ..#
)## )#
##########+####
)#
#.#...YYY@....#
####
###.#.#######.#$#
...###.'...# #
...##..#.###
...##.##...#
...'O.####Y#
...#####...# ...#
#Y#######.# ####
#YYY......#


You could see 3 yaks.

Vanquished Creatures
  A troll (D:10)
  A two-headed ogre (D:9)
  A hippogriff (D:7)
  6 yaks
  2 wyverns
  A golden eye (D:10)
  A hungry ghost (D:9)
  5 orc warriors
  2 black bears
  3 ice beasts
  2 phantoms
  A necrophage (D:7)
  An eye of draining (D:10)
  3 centaurs
  2 ogres (D:8)
  2 big kobolds
  7 giant frogs
  5 scorpions
  7 wights
  3 crimson imps
  A giant frog zombie (D:7)
  7 orc priests
  A hound (D:7)
  A centaur skeleton (D:7)
  A giant frog skeleton (D:10)
  4 jellies
  9 orc wizards
  6 iguanas
  5 worker ants
  2 hound zombies
  A worker ant zombie (D:10)
  15 gnolls
  23 adders
  2 river rats (Sewer)
  A shadow imp (D:8)
  An adder zombie (D:10)
  An adder skeleton (D:5)
  2 worms (D:3)
  4 giant geckos
  57 orcs
  5 giant cockroaches
  3 goblins
  8 hobgoblins
  17 jackals
  2 quokkas
  A ball python (D:1)
  7 bats
  A giant gecko skeleton (D:6)
  7 giant newts
  23 kobolds
  A quokka skeleton (D:4)
  15 rats
290 creatures vanquished.

Notes
Turn   | Place    | Note
--------------------------------------------------------------
     0 | D:1      | Gagarin the Kobold Ice Elementalist began the quest for the Orb.
     0 | D:1      | Reached XP level 1. HP: 10/10 MP: 3/3
   205 | D:1      | Reached XP level 2. HP: 15/15 MP: 0/5
   773 | D:1      | Reached XP level 3. HP: 19/19 MP: 6/6
   781 | D:1      | Learned a level 2 spell: Throw Frost
  1801 | D:2      | Reached XP level 4. HP: 22/24 MP: 1/7
  2169 | D:3      | Found a glowing drain.
  2212 | D:3      | Reached XP level 5. HP: 24/28 MP: 3/9
  2328 | Sewer    | Entered a sewer
  2345 | Sewer    | Reached skill level 4 in Ice Magic
  2583 | Sewer    | Noticed a big kobold
  2667 | Sewer    | Killed a big kobold
  2667 | Sewer    | Reached XP level 6. HP: 11/33 MP: 1/11
  3024 | Sewer    | Found a white marble altar of Elyvilon.
  3796 | D:3      | Reached XP level 7. HP: 37/37 MP: 10/13
  3847 | D:3      | Found a shadowy altar of Dithmenos.
  3855 | D:3      | Became a worshipper of Dithmenos the Shadowed
  3951 | D:3      | Found a sparkling altar of Nemelex Xobeh.
  4509 | D:4      | Found a shattered altar of Ashenzari.
  4510 | D:4      | Found an oddly glowing altar of Pakellas.
  4531 | D:4      | Reached skill level 5 in Ice Magic
  4695 | D:4      | Reached skill level 1 in Conjurations
  4889 | D:5      | Entered Level 5 of the Dungeon
  4988 | D:5      | Reached skill level 1 in Short Blades
  5286 | D:5      | Reached XP level 8. HP: 36/42 MP: 10/15
  5494 | D:5      | Reached * piety under Dithmenos
  5631 | D:5      | Reached skill level 1 in Fighting
  5791 | D:5      | Learned a level 3 spell: Ozocubu's Armour
  5862 | D:5      | Reached skill level 5 in Dodging
  6117 | D:5      | Reached skill level 5 in Spellcasting
  6374 | D:5      | Reached skill level 6 in Ice Magic
  6815 | D:6      | Noticed a vampire
  7171 | D:6      | Found Simpuj's Distillery.
  7186 | D:6      | Reached XP level 9. HP: 36/48 MP: 15/18
  7197 | D:6      | Bought a potion of curing for 42 gold pieces
  7197 | D:6      | Bought a potion of magic for 112 gold pieces
  7207 | D:6      | Reached skill level 5 in Stealth
  7256 | D:6      | Reached ** piety under Dithmenos
  7359 | D:6      | Found a deep blue altar of Sif Muna.
  7523 | D:6      | Identified Sif Muna's Papyrus of Clay
  7541 | D:7      | Learned a level 1 spell: Sandblast
  7646 | D:7      | Reached skill level 1 in Throwing
  7716 | D:7      | Found a burning altar of Makhleb.
  7720 | D:7      | Reached skill level 1 in Earth Magic
  8214 | D:7      | Reached skill level 7 in Ice Magic
  8574 | D:7      | Found a staircase to the Ecumenical Temple.
  8805 | D:8      | Reached skill level 1 in Armour
  8821 | D:8      | Reached *** piety under Dithmenos
  8872 | D:8      | Reached XP level 10. HP: 28/54 MP: 7/20
  9364 | D:8      | Found an iron altar of Okawaru.
  9405 | D:8      | Found Aworin's Antique Armour Shoppe.
  9463 | D:8      | Reached skill level 1 in Charms
  9666 | D:8      | Found a bloodstained altar of Trog.
  9672 | D:8      | You fall through a shaft!
  9810 | D:9      | Reached skill level 8 in Ice Magic
 10480 | D:10     | Entered Level 10 of the Dungeon
 10519 | D:10     | Reached **** piety under Dithmenos
 10757 | D:10     | Found a staircase to the Lair.
 10918 | D:10     | Found a staircase to the Orcish Mines.
 10936 | D:10     | Reached XP level 11. HP: 36/60 MP: 9/23
 11758 | D:11     | Reached skill level 9 in Ice Magic
 11792 | D:11     | HP: 2/60 [yak (14)]
 11799 | D:11     | Slain by a yak

Vault maps used:
D:1:      dpeg_arrival_rooms_with_view
D:2:      first_bread, uniq_sigmund, uniq_terence
D:3:      marbit_many_paths, lemuel_coloured_pillars_altar,
          gup_sewer_entry_glass, patterned_corridor
D:4:      grunt_temple_overflow_open, minmay_door_square
D:5:      kennysheep_generic_room_10
D:6:      led_sif_book, serial_shops, nicolae_shop_stone
D:7:      lemuel_round_altar, minmay_temple_entry_crystal_x
D:8:      kennysheep_mini, okawaru_metal_pillars_1_2, serial_shops, shop
D:10:     dpeg_lair_monsters, david_orc_2
D:11:     uniq_erica
Sewer:    sewer_kobolds

Action                   |  1- 3 |  4- 6 |  7- 9 | 10-12 || total
-------------------------+-------+-------+-------+-------++-------
Melee: Unarmed           |    12 |       |       |       ||    12
       Short sword       |    43 |    36 |   167 |       ||   246
       Dagger            |       |       |    86 |   229 ||   315
 Fire: Blowgun           |       |     6 |    15 |     3 ||    24
 Cast: Freeze            |    25 |    87 |   198 |    69 ||   379
       Throw Frost       |     4 |    10 |    12 |     7 ||    33
       Ozocubu's Armour  |       |       |    11 |    15 ||    26
       Sandblast         |       |       |    20 |     7 ||    27
Evoke: Wand              |       |       |     2 |     1 ||     3
  Use: Potion            |       |     3 |     3 |     1 ||     7
       Scroll            |       |       |     5 |     6 ||    11
 Stab: Sleeping          |     5 |     4 |    23 |    15 ||    47
       Distracted        |       |       |       |     1 ||     1
  Eat: Chunk             |    12 |     8 |    16 |    17 ||    53
